 Dungeon Crawl Stone Soup version 0.22.1-6-g1668fe2 (webtiles) character file.

59 Truthflux the Conjurer (level 3, 0/27 HPs)
             Began as a Draconian Conjurer on Jan 28, 2019.
             Succumbed to an adder's poison
             ... on level 2 of the Dungeon.
             The game lasted 00:08:16 (1685 turns).

Truthflux the Conjurer (Draconian Conjurer)         Turns: 1685, Time: 00:08:17

Health: 0/27       AC:  6    Str: 10    XL:     3   Next: 78%
Magic:  0/6        EV: 12    Int: 16    God:
Gold:   88         SH:  0    Dex: 11    Spells: 5/6 levels left

rFire    . . .     SeeInvis .   (no weapon)
rCold    . . .     Gourm    .   (no shield)
rNeg     . . .     Faith    .   (armour unavailable)
rPois    .         Spirit   .   (helmet restricted)
rElec    .         Reflect  .   (no cloak)
rCorr    .         Harm     .   (no gloves)
MR       .....                  d - +0 pair of boots
Stlth    ++........             (no amulet)
HPRegen  0.09/turn              (no ring)
MPRegen  0.10/turn              (no ring)

@: lethally poisoned (0 -> -3), very slightly contaminated
A: unfitting armour, cold-blooded, AC +5
a: no special abilities


You were on level 2 of the Dungeon.
You were hungry.

You visited 1 branch of the dungeon, and saw 2 of its levels.

You collected 88 gold pieces.

Inventory:

Missiles
 j - 2 exploding tomahawks (quivered)
Armour
 d - a +0 pair of boots (worn)
Scrolls
 c - 2 scrolls of teleportation {unknown}
 g - a scroll of identify {unknown}
Potions
 a - a potion of lignification {unknown}
 e - a potion of brilliance {unknown}
 f - a potion of resistance {unknown}
 h - a potion of degeneration {unknown}
 i - a potion of invisibility {unknown}
Comestibles
 b - 2 rations


   Skills:
 + Level 0.5 Fighting
 + Level 2.5 Dodging
 + Level 2.0 Stealth
 + Level 2.3 Spellcasting
 + Level 4.6 Conjurations


You had 5 spell levels left.
You knew the following spells:

 Your Spells              Type           Power        Failure   Level  Hunger
a - Magic Dart            Conj           ###.         3%          1    #......

Your spell library contained the following spells:

 Spells                   Type           Power        Failure   Level  Hunger
 Searing Ray              Conj           ###...       4%          2    ###....
 Dazzling Spray           Conj/Hex       #.....       24%         3    ###....
 Iskenderun's Mystic Bla  Conj           ###.....     30%         4    #####..
 Force Lance              Conj/Tloc      #.......     61%         4    #####..
 Fulminant Prism          Conj/Hex       #.........   61%         4    #####..


Dungeon Overview and Level Annotations

Branches:
Dungeon (2/15)

Altars:


Innate Abilities, Weirdness & Mutations

Your plain brown scales are hard. (AC +5)
You cannot fit into any form of body armour.
You are cold-blooded and may be slowed by cold attacks.


Message History

The adder barely misses you.
Casting: Magic Dart (safe; 3% risk of failure)
Confirm with . or Enter, or press ? or * to list all spells.
Aiming: Magic Dart (safe; 3% risk of failure)
Press: ? - help, Shift-Dir - straight line, f/p - adder
Aim: an adder (moderately wounded)
The magic dart hits the adder.
The adder is heavily wounded.
The adder bites you.
* * * LOW HITPOINT WARNING * * *
The adder bites you.
* * * LOW HITPOINT WARNING * * *
You hit the adder but do no damage.
The adder is heavily wounded.
The adder closely misses you. The adder bites you.
* * * LOW HITPOINT WARNING * * *
You are lethally poisoned!
The adder poisons you!
You die...

.........!..........#
............###.....#
.##.......### #.....#
##....### #######
####.# ####.####
#...S...# #.##.##.# #
#@# # #.......#
#########


You could see an adder.

Vanquished Creatures
  2 adders (D:2)
  4 dart slugs (D:1)
  A ball python (D:1)
  4 goblins (D:1)
  6 jackals (D:1)
  5 kobolds (D:1)
  6 bats (D:1)
  2 frilled lizards (D:2)
  2 rats (D:1)
32 creatures vanquished.

Notes
Turn   | Place    | Note
-------+----------+-------------------------------------------
     0 | D:1      | Truthflux the Draconian Conjurer began the quest for the
                  | Orb.
     0 | D:1      | Reached XP level 1. HP: 14/14 MP: 3/3
   175 | D:1      | Reached XP level 2. HP: 20/20 MP: 0/5
   253 | D:1      | HP: 1/20 [ball python (2)]
   636 | D:1      | HP: 1/20 [bat (1)]
   882 | D:1      | Reached XP level 3. HP: 17/27 MP: 0/6
  1684 | D:2      | HP: 1/27 [adder (2)]
  1685 | D:2      | Succumbed to an adder's poison

Skill      XL: |  1  2  3 |
---------------+----------+-----
Dodging        | 2 |  2.5
Stealth        | 2 |  2.0
Fighting       | |  0.5
Spellcasting   | |  2.3
Conjurations   | |  4.6

Action                   || total
-------------------------++-------
Melee: Unarmed           ||   102
       Tailslap          ||     7
 Cast: Magic Dart        ||    77
  Eat: Chunk             ||     3
Armor: Skin              ||    85
Dodge: Dodged            ||   164
